AoeStats
← mr.morbido2.0

Arabia

509138387Analyzed
1v1 RM · 8d ago on Sep 25, 2026· 61m 49s· 2 players
Game mode
Random Map
Map size
Tiny (2 player)
Population
200
Speed
Normal
Resources
Standard
Victory
Conquest
Starting age
Dark Age
Ending age
Imperial Age
RankedLock teamsTeams togetherTeam positionsShared explorationLock speedFull tech treeHidden civsTurbo modeCheats
Victory
Defeat
🇩🇰 Vikings · Denmark
1206
+18
🇮🇹 Byzantines · Italy
1239
-18
onslow
3:38 Loom
10:41 Feudal Age
21:34 Castle Age
19:30 Fletching
19:47 Padded Archer Armor
20:20 Double-Bit Axe
20:40 Horse Collar
21:48 Crossbowman
23:22 Bodkin Arrow
31:39 Scale Mail Armor
38:04 Imperial Age
40:08 Heavy Plow
41:15 Capped Ram
42:13 Pikeman
42:53 Arbalester
44:43 Forging
44:48 Chain Mail Armor
46:58 Bow Saw
48:09 Bracer
48:40 Plate Mail Armor
49:01 Squires
49:33 Man-at-Arms
50:17 Long Swordsman
51:39 Two-Handed Swordsman
52:58 Iron Casting
53:24 Gold Mining
54:33 Champion
56:37 Arson
57:54 Blast Furnace
58:31 Town Watch
mr.morbido2.0
7:01 Loom
9:41 Feudal Age
11:03 Double-Bit Axe
22:52 Castle Age
21:40 Fletching
21:52 Padded Archer Armor
22:00 Fletching
22:16 Scale Barding Armor
22:19 Gold Mining
23:07 Forging
24:57 Bodkin Arrow
27:11 Chain Barding Armor
27:24 Padded Archer Armor
26:57 Elite Skirmisher
36:37 Gold Shaft Mining
38:52 Imperial Age
36:39 Bow Saw
41:08 Conscription
42:27 Chemistry
44:18 Horse Collar
45:27 Plate Barding Armor
45:28 Iron Casting
46:17 Wheelbarrow
45:58 Husbandry
46:45 Bracer
49:34 Ballistics
48:47 Cavalier
49:45 Leather Archer Armor
49:37 Stone Mining
53:23 Paladin
54:11 Thumb Ring
54:38 Ring Archer Armor
55:51 Light Cavalry
Connection lost

Rejoining the realm…

Still unreachable

The connection could not be restored.

Session expired

The server has moved on; the page needs a fresh start.